 Dungeon Crawl Stone Soup version 0.28.0-53-g5a82cb258f (webtiles) character file.

Game seed: 12104001098804333898

71 themarg the Covered (level 4, 0/38 HPs)
             Began as a Gnoll Wanderer on Aug 30, 2022.
             Was a Follower of Fedhas.
             Succumbed to an adder's poison
             ... on level 3 of the Dungeon.
             The game lasted 00:04:01 (2277 turns).

themarg the Covered (Gnoll Wanderer)                Turns: 2277, Time: 00:04:02

Health: 0/38       AC:  3    Str: 17    XL:     4   Next: 24%
Magic:  5/5        EV: 11    Int:  9    God:    Fedhas [*.....]
Gold:   65         SH:  0    Dex: 10    Spells: 5/5 levels left

rFire   . . .      SeeInvis .   a - +3 hand axe
rCold   . . .      Faith    .   (no shield)
rNeg    . . .      Spirit   .   c - +0 leather armour
rPois   .          Reflect  .   (no helmet)
rElec   .          Harm     .   (no cloak)
rCorr   .          Rampage  .   (no gloves)
Will    .....                   (no boots)
Stlth   +.........              (no amulet)
HPRegen 0.12/turn               (no ring)
MPRegen 0.09/turn               (no ring)

@: lethally poisoned (0 -> -2)
A: fangs 1, strong nose, distributed training, mutation resistance 1
a: Renounce Religion


You were on level 3 of the Dungeon.
You worshipped Fedhas.
Fedhas was aware of your devotion.
You visited 1 branch of the dungeon, and saw 3 of its levels.

You collected 65 gold pieces.

Inventory:

Hand Weapons
 a - a +3 hand axe (weapon)
 b - a +0 mace
Armour
 c - a +0 leather armour (worn)
Scrolls
 d - 2 scrolls of teleportation {unknown}
 f - 2 scrolls of identify {unknown}
 g - a scroll of vulnerability {unknown}
 h - a scroll of enchant weapon {unknown}
 i - a scroll of magic mapping {unknown}
Potions
 e - a potion of heal wounds {unknown}


   Skills:
 + Level 4.6 Fighting
 + Level 1.1 Short Blades
 + Level 1.1 Long Blades
 + Level 6.6 Axes
 + Level 4.6 Maces & Flails
 + Level 1.1 Polearms
 + Level 1.1 Staves
 + Level 1.1 Slings
 + Level 1.1 Bows
 + Level 1.1 Crossbows
 + Level 1.1 Throwing
 + Level 6.6 Armour
 + Level 1.1 Dodging
 + Level 1.1 Stealth
 + Level 1.1 Shields
 + Level 1.1 Unarmed Combat
 + Level 1.1 Spellcasting
 + Level 0.8 Conjurations
 + Level 0.8 Hexes
 + Level 0.8 Summonings
 + Level 0.8 Necromancy
 + Level 0.8 Translocations
 + Level 0.8 Transmutations
 + Level 0.8 Fire Magic
 + Level 0.8 Ice Magic
 + Level 0.8 Air Magic
 + Level 0.8 Earth Magic
 + Level 0.8 Poison Magic
 + Level 1.2 Invocations
 + Level 1.1 Evocations


You had 5 spell levels left.
You didn't know any spells.
Your spell library contained the following spells:

 Spells                   Type           Power      Damage    Failure   Level
 Stone Arrow              Conj/Erth      4%         3d7       67%         3
 Animate Armour           Summ/Erth      4%         N/A       97%         4
 Lehudib's Crystal Spear  Conj/Erth      1%         10d2      100%        8


Dungeon Overview and Level Annotations

Branches:
Dungeon (3/15)

Altars:
Fedhas

Shops:
D:2 =

Annotations:
D:3 Robin


Innate Abilities, Weirdness & Mutations

You have very sharp teeth.
Your uncanny sense of smell can sniff out nearby items.
Your experience applies equally to all skills.
You are somewhat resistant to further mutation.


Message History

You kill the hobgoblin!
Fedhas appreciates your contribution to the ecosystem.
You hit the adder.
The adder is heavily wounded.
The adder closely misses you.
You closely miss the adder.
The adder is heavily wounded.
The adder bites you. The adder bites you but does no damage.
You miss the adder.
The adder is heavily wounded.
The adder closely misses you.
You closely miss the adder.
The adder is heavily wounded.
The adder bites you.
You are poisoned.
The adder poisons you!
You slash the adder!
You kill the adder!
Fedhas appreciates your contribution to the ecosystem.
You feel sick.
You barely miss Robin. You punch Robin.
Robin is lightly wounded.
You feel sick. Robin hits you but does no damage.
You barely miss Robin.
Robin is lightly wounded.
You feel sick. Robin hits you with a +0 dagger.
* * * LOW HITPOINT WARNING * * *
You hit Robin but do no damage.
Robin is lightly wounded.
You feel sick. Robin hits you with a +0 dagger.
* * * LOW HITPOINT WARNING * * *
You hit Robin but do no damage.
Robin is lightly wounded.
* * * LOW HITPOINT WARNING * * *
You feel sick. Robin hits you with a +0 dagger.
* * * LOW HITPOINT WARNING * * *
It was a potion of mutation.
You feel extremely strange.
You feel genetically stable.
You die...
Fedhas appreciates your contribution to the ecosystem.

∆ #
###.#######.##.#
.......<.....$..
#######..##.##.
#.)##..#..#
#.)@.......
##g##..#.(# #)#
.... #.# ...#
#.# ..# ..# ..
..# # ... ....


You could see Robin.

Vanquished Creatures
  2 adders
  A worm (D:2)
  A dart slug (D:1)
  3 ball pythons
  2 bats
  4 endoplasms
  A giant cockroach (D:2)
  12 goblins
  5 hobgoblins
  2 kobolds (D:2)
  3 quokkas (D:1)
  2 frilled lizards (D:1)
  3 rats
41 creatures vanquished.

Vanquished Creatures (others)
  3 plants (D:1)
3 creatures vanquished.

Grand Total: 44 creatures vanquished

Notes
Turn   | Place    | Note
-------+----------+-------------------------------------------
     0 | D:1      | themarg the Gnoll Wanderer began the quest for the Orb.
     0 | D:1      | themarg set off with the following items: a +3 hand axe, a
                  | +0 mace, a +0 leather armour
     0 | D:1      | Reached XP level 1. HP: 20/20 MP: 1/1
   295 | D:1      | Reached XP level 2. HP: 26/26 MP: 2/2
  1111 | D:2      | Reached XP level 3. HP: 25/31 MP: 3/3
  1359 | D:2      | Found Oririnnu's Jewellery Shop.
  1467 | D:2      | Found a faded altar of an unknown god.
  1475 | D:2      | Prayed at the altar of an unknown god.
  1475 | D:2      | Became a worshipper of Fedhas Madash
  1475 | D:2      | Reached * piety under Fedhas
  1491 | D:2      | Reached skill level 1 in Invocations
  2246 | D:3      | Noticed Robin
  2252 | D:3      | Reached skill level 1 in Short Blades
  2252 | D:3      | Reached skill level 1 in Long Blades
  2252 | D:3      | Reached skill level 1 in Polearms
  2252 | D:3      | Reached skill level 1 in Staves
  2252 | D:3      | Reached skill level 1 in Slings
  2252 | D:3      | Reached skill level 1 in Bows
  2252 | D:3      | Reached skill level 1 in Crossbows
  2252 | D:3      | Reached skill level 1 in Throwing
  2252 | D:3      | Reached skill level 1 in Dodging
  2252 | D:3      | Reached skill level 1 in Stealth
  2252 | D:3      | Reached skill level 1 in Shields
  2252 | D:3      | Reached skill level 1 in Unarmed Combat
  2252 | D:3      | Reached skill level 1 in Spellcasting
  2252 | D:3      | Reached skill level 1 in Evocations
  2257 | D:3      | Reached XP level 4. HP: 23/38 MP: 5/5
  2276 | D:3      | HP: 1/38 [Robin/+0 dagger (2)]
  2277 | D:3      | Gained mutation: You are somewhat resistant to further
                  | mutation. [potion of mutation]
  2277 | D:3      | Succumbed to an adder's poison

Illustrated notes

Levels and vault maps discovered:
D:1:      zelgadis_glass_arrival_small, layout_basic, serial_bayou_lake_a
D:2:      layout_loops_ring, serial_shops, nicolae_shop_hallway_stairs,
          hellmonk_ecumenical_altar_zigzags, minivault_5,
          nicolae_figureground_sparkle
D:3:      layout_basic, bloody_trog, minmay_joined_circles, uniq_terence,
          uniq_robin, uniq_jessica

Skill      XL: |  1  2  3 |
---------------+----------+-----
Invocations    | 1 |  1.2
Short Blades   | 1 |  1.1
Long Blades    | 1 |  1.1
Polearms       | 1 |  1.1
Staves         | 1 |  1.1
Slings         | 1 |  1.1
Bows           | 1 |  1.1
Crossbows      | 1 |  1.1
Throwing       | 1 |  1.1
Dodging        | 1 |  1.1
Stealth        | 1 |  1.1
Shields        | 1 |  1.1
Unarmed Combat | 1 |  1.1
Spellcasting   | 1 |  1.1
Evocations     | 1 |  1.1
Fighting       | |  4.6
Axes           | |  6.6
Maces & Flails | |  4.6
Armour         | |  6.6
Conjurations   | |  0.8
Hexes          | |  0.8
Summonings     | |  0.8
Necromancy     | |  0.8
Translocations | |  0.8
Transmutations | |  0.8
Fire Magic     | |  0.8
Ice Magic      | |  0.8
Air Magic      | |  0.8
Earth Magic    | |  0.8
Poison Magic   | |  0.8

Action                   |  1- 3 |  4- 6 || total
-------------------------+-------+-------++-------
Melee: Hand axe          |    97 |    19 ||   116
       Bite              |     6 |       ||     6
       Punch             |     1 |     1 ||     2
  Use: Potion            |       |     1 ||     1
Armor: Leather armour    |    29 |     5 ||    34
Dodge: Dodged            |    62 |    11 ||    73
